 Dungeon Crawl Stone Soup version 0.16.1-4-g8e1b745 (webtiles) character file.

4912 Helmschank the Cleaver (level 10, -6/96 HPs)
             Began as a Deep Dwarf Necromancer on Mar 27, 2015.
             Was a Priest of Makhleb.
             Mangled by a seven-headed hydra (10 damage)
             ... on level 1 of the Lair of Beasts.
             The game lasted 01:15:46 (8187 turns).

Helmschank the Cleaver (Deep Dwarf Necromancer)     Turns: 8187, Time: 01:15:46

Health: -6/96      AC:  9    Str: 14    XL:     10   Next: 27%
Magic:  8/8        EV: 10    Int: 17    God:    Makhleb [***...]
Gold:   395        SH:  0    Dex: 13    Spells: 3 memorised, 7 levels left

rFire  x . .     SeeInvis .     E - -2 flail (curse)
rCold  + . .     Clarity  +     z - +0 scale mail
rNeg   . . .     SustAb   .     (no shield)
rPois  .         Gourm    .     D - +1 helmet
rElec  .         Spirit   .     (no cloak)
rCorr  .         Warding  .     (no gloves)
rMut   .         Stasis   .     (no boots)
MR     +....                    M - amulet of clarity
Stlth  +.........               K - ring of ice
                                v - ring of wizardry

@: non-regenerating, somewhat resistant to hostile enchantments, very unstealthy
A: damage resistance, recharge devices, sense surroundings 2, slow healing 3
a: Device Recharging, Minor Destruction, Lesser Servant of Makhleb, Renounce
Religion


You were on level 1 of the Lair of Beasts.
You worshipped Makhleb.
Makhleb was most pleased with you.
You were very hungry.

You visited 3 branches of the dungeon, and saw 11 of its levels.

You collected 395 gold pieces.

Inventory:

Hand weapons
 d - a +0 war axe
 e - a +0 blowgun
 j - a +0 falchion of electrocution
 q - the +0 battleaxe of Lajimyfe {chop, Int+2}
   (You acquired it on level 5 of the Dungeon)

   It inflicts extra damage upon your enemies.
   It affects your intelligence (+2).
 s - a +0 dagger of venom
 w - a +0 spear of piercing
 E - a cursed -2 flail (weapon)
 Q - a +0 blowgun
Missiles
 g - 79 stones
 k - 24 poisoned needles
 y - 6 tomahawks (quivered)
 I - 26 bolts
Armour
 a - a +0 robe
 m - a +0 leather armour
 r - a +1 chain mail
 z - a +0 scale mail (worn)
 C - a +1 animal skin
 D - a +1 helmet (worn)
 J - a +0 buckler
 S - a +0 plate armour
Jewellery
 h - an uncursed ring of poison resistance
 v - a ring of wizardry (left hand)
 K - a ring of ice (right hand)
 M - an amulet of clarity (around neck)
 P - a +3 ring of intelligence
 V - a +2 ring of dexterity {unknown}
 W - an uncursed amulet of stasis
Magical devices
 c - a wand of heal wounds (0)
 u - a wand of fireball (0)
 H - a wand of frost (18)
 N - a wand of flame (18)
 U - a wand of draining (0)
Scrolls
 p - 3 scrolls of magic mapping
 x - a scroll of teleportation
 A - 2 scrolls of blinking
Potions
 f - a potion of restore abilities
 i - 3 potions of invisibility
 l - a potion of cure mutation {unknown}
 n - a potion of berserk rage {unknown}
 B - a potion of haste {unknown}
 F - 2 potions of flight {unknown}
 G - 2 potions of cancellation
 L - a potion of might {unknown}
 T - a potion of curing {unknown}
Books
 b - a book of Necromancy

   Spells                             Type                      Level
   a - Pain                           Necromancy                   1
   b - Animate Skeleton               Necromancy                   1
   c - Vampiric Draining              Necromancy                   3
   d - Regeneration                   Charms/Necromancy            3
   e - Animate Dead                   Necromancy                   4
   f - Control Undead                 Necromancy                   4
Comestibles
 o - 8 bread rations
 t - 6 beef jerkies
 O - a meat ration


   Skills:
 + Level 7.8 Fighting
 * Level 11.8 Axes
 - Level 4.6 Armour
 - Level 2.1 Dodging
 - Level 2.4 Stealth
 - Level 1.7 Spellcasting
 - Level 6.0 Necromancy


You had 7 spell levels left.
You knew the following spells:

 Your Spells              Type           Power        Failure   Level  Hunger
v - Vampiric Draining     Necr           ###.......   10%         3    ###....
x - Animate Skeleton      Necr           N/A          4%          1    #......
z - Pain                  Necr           ###.         4%          1    #......


Dungeon Overview and Level Annotations

Branches:
Dungeon (9/15)             Temple (1/1) D:5            Lair (1/8) D:8
    Orc: D:9-12

Altars:
Ashenzari
Cheibriados
Elyvilon
Fedhas
Gozag
Kikubaaqudgha
Makhleb
Nemelex Xobeh
Okawaru
Qazlal
Ru
Sif Muna
Trog
Vehumet
Xom
Yredelemnul
Zin
The Shining One
Jiyva

Shops:
D:4 *


Innate Abilities, Weirdness & Mutations

You are resistant to damage.
You can recharge devices by infusing magical energy.
You passively map the area around you.
You do not heal naturally.


Message History

The seven-headed hydra bites you!
* * * LOW HITPOINT WARNING * * *
The seven-headed hydra bites you.
* * * LOW HITPOINT WARNING * * *
The seven-headed hydra bites you.
* * * LOW HITPOINT WARNING * * *
The seven-headed hydra bites you!
* * * LOW HITPOINT WARNING * * *
The seven-headed hydra closely misses you.
Evoke which item? (* to show all) (? for menu, Esc to quit)
This wand has no charges.
Unknown command.
Unknown command.
Evoke which item? (* to show all) (? for menu, Esc to quit)
Zapping:
u - a wand of fireball {zapped: 6} (will waste charges)
Press: ? - help, Shift-Dir - straight line Nothing appears to happen.
The seven-headed hydra bites you but does no damage. x3
The seven-headed hydra bites you!
You die...

##############
#............##
#.............# ** *
##@...........# , * *
*#$D......<....#
,......+............#
** *
######.(..........# *
#............#
#............#
#............#
##.P#######.## * #(..
* ##


You could see a seven-headed hydra.

Vanquished Creatures
  The ghost of Dire the Thaumaturge, an experienced HEIE of Sif Muna (D:7)
  The ghost of apoch the Basher, an experienced GrFi (D:6)
  The ghost of UncommonGray the Shield-Bearer, an experienced GrFi (D:3)
  Prince Ribbit (D:6)
  4 yaks (D:8)
  The ghost of gw the Ducker, an average DEAr of Qazlal (D:4)
  An ogre (D:6)
  2 sky beasts (D:8)
  An orc warrior (D:7)
  4 ice beasts
  A black bear (D:8)
  A crocodile (D:8)
  A centaur (D:8)
  A big kobold (D:8)
  Blork the orc (D:3)
  2 giant frogs (D:6)
  A gnoll sergeant (D:7)
  4 scorpions
  A crimson imp (D:7)
  4 orc priests
  A giant frog skeleton (D:8)
  2 hounds
  4 jellies
  An iguana (D:5)
  4 worker ants (D:4)
  4 orc wizards
  A hound zombie (D:7)
  A hound skeleton (D:8)
  A worker ant zombie (D:8)
  Robin (D:4)
  4 gnolls (D:7)
  8 adders
  2 giant mites
  A worm (D:2)
  An adder zombie (D:7)
  2 adder skeletons (D:4)
  4 giant geckos
  An ooze (D:4)
  25 orcs
  16 bats
  A bat zombie (D:5)
  5 giant cockroaches
  13 goblins
  8 hobgoblins
  3 jackals (D:8)
  18 kobolds
  4 quokkas
  3 ball pythons
  A ball python skeleton (D:5)
  6 giant newts
  A jackal skeleton (D:4)
  15 rats
  2 ballistomycetes (D:8)
  A fungus (D:8)
199 creatures vanquished.

Vanquished Creatures (collateral kills)
  2 yaks (D:8)
  An ice beast (D:5)
  Purgy (D:4)
  An ogre (D:7)
  A scorpion (D:8)
  A crimson imp (D:5)
  A centaur skeleton (D:6)
  An orc priest (D:7)
  An orc wizard (D:7)
  A gnoll (D:7)
  4 orcs
  A ball python (D:3)
  3 hobgoblins (D:1)
  3 kobolds
  A quokka (D:8)
  2 giant newts
  7 goblins
  A rat (D:3)
  2 fungi (D:8)
35 creatures vanquished.

Vanquished Creatures (others)
  An orange demon (Lair:1)
  A neqoxec (Lair:1)
  A yak skeleton (D:8)
  A quasit (D:8)
  2 giant frog skeletons (D:6)
  A hound skeleton (D:7)
  An adder skeleton (D:4)
  2 orcs
  8 bat skeletons
  2 gnoll skeletons (D:7)
  A ball python skeleton (D:3)
  2 giant gecko skeletons
  2 giant newt skeletons
  A giant spore (D:8)
  9 goblin skeletons
  4 hobgoblin skeletons
  A jackal skeleton (D:8)
  5 kobold skeletons
  14 orc skeletons
  A quokka skeleton (D:3)
  8 rat skeletons
  2 fungi (D:8)
  3 plants (D:8)
73 creatures vanquished.

Grand Total: 307 creatures vanquished

Notes
Turn   | Place    | Note
--------------------------------------------------------------
     0 | D:1      | Helmschank, the Deep Dwarf Necromancer, began the quest for the Orb.
     0 | D:1      | Reached XP level 1. HP: 15/15 MP: 2/2
   230 | D:1      | Reached skill level 1 in Fighting
   230 | D:1      | Reached XP level 2. HP: 20/25 MP: 1/3
   233 | D:1      | Learned a level 1 spell: Animate Skeleton
   959 | D:2      | Reached XP level 3. HP: 30/32 MP: 5/5
  1122 | D:2      | Reached skill level 5 in Necromancy
  1216 | D:2      | Learned a level 3 spell: Vampiric Draining
  1515 | D:3      | Found a shattered altar of Ashenzari.
  1680 | D:3      | Reached XP level 4. HP: 29/39 MP: 4/6
  1823 | D:3      | Noticed a scorpion
  1846 | D:3      | Killed a scorpion
  1908 | D:3      | Noticed UncommonGray's ghost (experienced GrFi)
  2093 | D:3      | Noticed Blork the orc
  2108 | D:3      | Found a glowing golden altar of the Shining One.
  2151 | D:3      | Reached XP level 5. HP: 27/48 MP: 7/7
  2287 | D:4      | Found a stormy altar of Qazlal.
  2305 | D:4      | Reached skill level 6 in Necromancy
  2378 | D:4      | Noticed Purgy
  2444 | D:4      | Reached skill level 1 in Axes
  2737 | D:4      | Noticed gw's ghost (average DEAr)
  2763 | D:4      | Killed gw's ghost
  2763 | D:4      | Reached XP level 6. HP: 35/56 MP: 9/9
  2812 | D:4      | Noticed Robin
  2824 | D:3      | Found a deep blue altar of Sif Muna.
  2994 | D:4      | Killed Robin
  3109 | D:4      | Found a blossoming altar of Fedhas.
  3124 | D:4      | Found a bloodstained altar of Trog.
  3157 | D:4      | Killed Purgy
  3172 | D:4      | Your ally Robin died
  3206 | D:4      | Reached XP level 7. HP: 35/64 MP: 9/9
  3219 | D:4      | Found a burning altar of Makhleb.
  3224 | D:4      | Became a worshipper of Makhleb the Destroyer
  3348 | D:4      | Found an opulent altar of Gozag.
  3350 | D:4      | Found Gozag's Platinum Reserve.
  3423 | D:5      | Entered Level 5 of the Dungeon
  3684 | D:5      | Reached skill level 5 in Axes
  3684 | D:5      | Reached skill level 1 in Armour
  3718 | D:5      | Identified a scroll of acquirement
  3719 | D:5      | Got a scorched battleaxe
  3720 | D:5      | Identified the +0 battleaxe of Lajimyfe {chop, Int+2} (You acquired it on level 5 of the Dungeon)
  3754 | D:5      | Found a staircase to the Ecumenical Temple.
  3762 | D:5      | Acquired Makhleb's first power
  3781 | Temple   | Entered the Ecumenical Temple
  4235 | D:6      | Noticed apoch's ghost (experienced GrFi)
  4386 | D:6      | Noticed Prince Ribbit
  4409 | D:6      | Killed Prince Ribbit
  4409 | D:6      | Reached skill level 5 in Fighting
  4409 | D:6      | Reached XP level 8. HP: 43/74 MP: 1/11
  4846 | D:6      | Reached skill level 7 in Axes
  5133 | D:7      | Noticed Dire's ghost (experienced HEIE)
  5347 | D:7      | Acquired Makhleb's second power
  5875 | D:7      | Reached skill level 8 in Axes
  6038 | D:7      | Found an iron altar of Okawaru.
  6058 | D:7      | Found a basalt altar of Yredelemnul.
  6161 | D:7      | Gained mutation: You passively map the area around you. [level up]
  6161 | D:7      | Reached XP level 9. HP: 70/82 MP: 10/10
  6378 | D:8      | Acquired Makhleb's third power
  6465 | D:8      | Reached skill level 9 in Axes
  6606 | D:8      | Found a staircase to the Lair.
  6765 | D:8      | Found a sacrificial altar of Ru.
  6955 | D:8      | Reached skill level 10 in Axes
  6982 | D:8      | Found a glowing silver altar of Zin.
  7149 | Lair:1   | Entered Level 1 of the Lair of Beasts
  7149 | Lair:1   | Noticed a seven-headed hydra
  7499 | D:3      | Killed Blork the orc
  7615 | D:3      | Killed UncommonGray's ghost
  7735 | D:6      | Killed apoch's ghost
  7735 | D:6      | Reached skill level 11 in Axes
  7735 | D:6      | Reached XP level 10. HP: 73/94 MP: 10/10
  7819 | D:7      | Killed Dire's ghost
  7830 | D:7      | Acquired Makhleb's fourth power
  7875 | D:9      | Noticed a cyan ugly thing
  8186 | Lair:1   | HP: 4/96 [seven-headed hydra (5)]
  8187 | Lair:1   | Mangled by a seven-headed hydra

Action                   |  1- 3 |  4- 6 |  7- 9 | 10-12 || total
-------------------------+-------+-------+-------+-------++-------
Melee: Spear             |    85 |    31 |    41 |       ||   157
       Short sword       |     3 |       |       |       ||     3
       Dagger            |     9 |   111 |    37 |       ||   157
       War axe           |       |    52 |    88 |       ||   140
       Hand axe          |       |       |    15 |       ||    15
       Battleaxe         |       |       |   199 |    52 ||   251
       Flail             |       |       |       |    29 ||    29
Throw: Stone             |     6 |     5 |     4 |       ||    15
       Tomahawk          |       |       |     6 |     5 ||    11
 Cast: Pain              |    23 |    11 |    32 |       ||    66
       Animate Skeleton  |    17 |    19 |    45 |       ||    81
       Vampiric Draining |       |       |    34 |     7 ||    41
Invok: Lesser Servant of |       |       |       |     3 ||     3
 Abil: Device Recharging |       |     1 |     3 |     2 ||     6
Evoke: Wand              |     1 |     9 |    15 |    15 ||    40
  Use: Scroll            |       |    10 |     7 |       ||    17
 Stab: Sleeping          |     4 |     2 |     1 |       ||     7
       Distracted        |       |       |     3 |     1 ||     4
       Paralysed         |       |       |     1 |       ||     1
  Eat: Chunk             |     3 |     6 |    18 |     1 ||    28
       Beef jerky        |       |       |     2 |       ||     2
       Pizza             |       |       |     1 |       ||     1
